 Dungeon Crawl Stone Soup version 0.16-a0-3178-g2c88c44 (webtiles) character file.

67 Malachi the Skirmisher (level 4, -1/37 HPs)
             Began as a Demonspawn Chaos Knight on Dec 16, 2014.
             Was a Plaything of Xom.
             Slain by a gnoll
             ... wielding a +0 club
              (2 damage)
             ... on level 2 of the Dungeon.
             The game lasted 00:01:42 (1104 turns).

Malachi the Skirmisher (Demonspawn Chaos Knight)    Turns: 1104, Time: 00:01:42

Health: -1/37      AC:  7    Str: 13    XL:     4   Next: 0%
Magic:  4/4        EV: 11    Int: 14    God:    Xom [.*....]
Gold:   107        SH:  0    Dex: 12    Spells: 0 memorised, 3 levels left

rFire  + . .     SeeInvis .     a - +0 hand axe (chaos)
rCold  . . .     Clarity  .     b - +2 leather armour
rNeg   . . .     SustAb   .     (no shield)
rPois  .         Gourm    .     i - +0 helmet
rElec  .         Spirit   .     (no cloak)
rCorr  .         Warding  .     j - +0 pair of gloves
rMut   .         Stasis   .     (no boots)
MR     .....                    (no amulet)
Stlth  +.........               (no ring)
                                (no ring)

@: not resistant to hostile enchantments, very unstealthy
A: fire resistance 1, powered by death 1
a: Renounce Religion


You were on level 2 of the Dungeon.
You worshipped Xom.
You were a plaything of Xom.
You were hungry.

You visited 1 branch of the dungeon, and saw 2 of its levels.

You collected 107 gold pieces.

Inventory:

Hand weapons
 a - a +0 hand axe of chaos (weapon)
Armour
 b - a +2 leather armour (worn)
 i - a +0 helmet (worn)
 j - a +0 pair of gloves (worn)
 k - a +0 helmet
Jewellery
 g - a cursed ring of loudness {unknown}
Scrolls
 d - a scroll of remove curse {unknown}
 e - 3 scrolls of magic mapping {unknown}
 f - 2 scrolls of identify {unknown}
Comestibles
 c - 4 bread rations


   Skills:
 + Level 3.7 Fighting
 + Level 3.6 Axes
 + Level 1.8 Armour
 + Level 1.6 Dodging


You had 3 spell levels left.
You didn't know any spells.

Dungeon Overview and Level Annotations

Branches:
Dungeon (2/15)

Altars:


Innate Abilities, Weirdness & Mutations

Your flesh is heat resistant.
You can steal the life force of nearby defeated enemies.


Message History

The gnoll hits you with a flail. The gnoll barely misses you.
You hit the gnoll but do no damage.
The gnoll is heavily wounded.
The gnoll closely misses you. The gnoll barely misses you.
You hit the gnoll but do no damage.
The gnoll is heavily wounded.
The gnoll hits you from afar with a spear of pain.
* * * LOW HITPOINT WARNING * * *
You writhe in agony.
The gnoll hits you with a flail.
* * * LOW HITPOINT WARNING * * *
A gnoll comes into view. It is wielding a whip.
You barely miss the gnoll. You hit the gnoll.
There is a sudden explosion of sparks!
You kill the gnoll!
You have reached level 4!
You feel clever. The gnoll hits you with a club.
You die...
Xom snickers!

.........## #####...# #.# #...
......##..# #.....#.# #.# #...
##.#..###.#####.#####.# #.# #...
#....###..........##.# #.# #...
###.....###...###....# #.###>..
##.#.........####..####..##...
#.#.........####..........§..
#####†.................†###.##§§.
##....####......@)##...## #.##§§.
.#.##.# #.....)#ggg...# #.#§§##
...##.# ##.##..###.##.####...##
.###..# #.###.# #..........## .#
.#. ......###g###.#....# .# .# .
.................##.## .# .
..........#.............# ##
###..####.(........##...## # .
##..........#....##


You could see 3 gnolls.

Vanquished Creatures
  Ijyb (D:2)
  2 gnolls
  2 adders (D:2)
  A giant gecko (D:2)
  4 bats
  A giant cockroach (D:2)
  3 goblins
  3 kobolds
  5 rats
22 creatures vanquished.

Notes
Turn   | Place    | Note
--------------------------------------------------------------
     0 | D:1      | Malachi, the Demonspawn Chaos Knight, began the quest for the Orb.
     0 | D:1      | Reached XP level 1. HP: 18/18 MP: 1/1
   148 | D:1      | XOM: divination: detect items
   169 | D:1      | Gained mutation: You can steal the life force of nearby defeated enemies. [demonic ancestry]
   169 | D:1      | Reached XP level 2. HP: 24/24 MP: 2/2
   309 | D:1      | Reached skill level 1 in Dodging
   759 | D:2      | XOM: silly message
   761 | D:2      | Gained mutation: Your flesh is heat resistant. [demonic ancestry]
   761 | D:2      | Reached XP level 3. HP: 24/29 MP: 3/3
   799 | D:2      | Noticed Ijyb
   812 | D:2      | Killed Ijyb
  1043 | D:2      | XOM: smoke on damage
  1049 | D:2      | XOM: mild Tloc miscast
  1092 | D:2      | XOM: medium Conj miscast
  1103 | D:2      | HP: 1/29 [gnoll/flail (3)]
  1104 | D:2      | Reached XP level 4. HP: 1/37 MP: 4/4
  1104 | D:2      | Slain by a gnoll

Action                   |  1- 3 |  4- 6 || total
-------------------------+-------+-------++-------
Melee: Hand axe          |    70 |       ||    70
  Use: Potion            |     1 |       ||     1
